[Event "*** Titled Tuesday Blitz"]
[Site "Chess.com"]
[Date "2020.01.07"]
[Round "2"]
[White "Moon_stone123"]
[Black "dianosky"]
[Result "1/2-1/2"]
[WhiteElo "2088"]
[BlackElo "2379"]
[TimeControl "180+2"]
[EndTime "13:25:24 PST"]
[Termination "Game drawn by agreement"]

1. e4 c5 2. Nf3 a6 3. c4 Nc6 4. Nc3 e5 5. d3 h6 6. g3 d6 7. h3 g6 8. Bg2 Bg7 9. O-O Nge7 10. Nh2 O-O 11. Be3 Kh7 12. Qd2 f5 13. f4 exf4 14.
Bxf4 g5 15. Be3 Nd4 16. Ne2 Nec6 17. Nf3 Nxf3+ 18. Bxf3 Ne5 19. Bg2 fxe4 20. Bxe4+ Kh8 21. Bg2 Qe7 22. Nc3 Be6 23. Rae1 Rxf1+ 24. Rxf1 Qd7 25. Kh2 Rf8 26. Rxf8+ Bxf8 27. Nd5 Bg7 28. b3 Qf7 29. Qe2 g4 30. Nf4 Bf5 31. h4 b5 32. d4 cxd4 33.
Bxd4 bxc4 34. bxc4 Kh7 35. c5 Nf3+ 36. Bxf3 gxf3 37.
Qe3 Qxa2+ 38. Qf2 Qxf2+ 39. Bxf2 dxc5 40. Bxc5 a5 41. Kg1 Bb2 42. Kf2 a4 43. Kxf3 a3 44. Bxa3 Bxa3 45. g4 Bg6 46. g5 h5 47. Nxg6 Kxg6 48. Kg2 Bd6 49. Kh1 Bg3 50. Kg2 Bxh4 51. Kh1 Bg3 52. Kg2 h4 53. Kh1 Kxg5 54. Kg2 Kg4 55. Kh1 h3 56. Kg1 1/2-1/2

[Event "*** Titled Tuesday Blitz"]
[Site "Chess.com"]
[Date "2020.01.07"]
[Round "2"]
[White "pedromartinez91"]
[Black "letantha"]
[Result "1-0"]
[WhiteElo "2361"]
[BlackElo "1822"]
[TimeControl "180+2"]
[EndTime "13:25:24 PST"]
[Termination "pedromartinez91 won by checkmate"]

1. b3 Nf6 2. Bb2 g6 3. Bxf6 exf6 4. c4 Bg7 5. Nc3 O-O 6. g3 f5 7. Bg2 Nc6 8. Rc1 d6 9. e3 a5 10. Nge2 Be6 11. d4 Bd7 12. Nf4 Re8 13. O-O Rb8 14. h4 Ne7 15. a3 Bc6 16. b4 Bxg2 17. Kxg2 axb4 18. axb4 c6 19. b5 Qd7 20. Qf3 Ra8 21. Ra1 Reb8 22. Rfb1 Qd8 23. Qd1 Rxa1 24. Rxa1 Ra8 25.
Ra4 Qb8 26. Qb3 Nc8 27. bxc6 bxc6 28. Qa3 Rxa4 29. Qxa4 Qb7 30. Qa5 Bf6 31. h5 Kg7 32. hxg6 hxg6 33. Nd3 Nb6 34. c5 Nc4 35. Qa2 d5 36.
Qb1 Qe7 37. Nf4 Qa7 38. Qa2 Qb7 39. Qb1 Qa7 40. Qb3 Qa1 41. Qb1 Qxc3 42. Qb7 Na5 43.
Qd7 Qb4 44. Ne6+ Kh6 45. Qxf7 Bh8 46. Qf8+ Kh7 47. Ng5# 1-0

[Event "*** Titled Tuesday Blitz"]
[Site "Chess.com"]
[Date "2020.01.07"]
[Round "2"]
[White "Sven_Tica"]
[Black "DonPreuss"]
[Result "1-0"]
[WhiteElo "2660"]
[BlackElo "2148"]
[TimeControl "180+2"]
[EndTime "13:25:25 PST"]
[Termination "Sven_Tica won by resignation"]

1. d4 Nc6 2. c4 e5 3. d5 Nce7 4. Nc3 Ng6 5. e4 Bc5 6. Nf3 d6 7. h3 N8e7 8. a3 a6 9. b4 Ba7 10. Bd3 O-O 11. g4 Nf4 12. Bxf4 exf4 13. Ne2 Ng6 14. Qc1 Nh4 15. Nxh4 Qxh4 16. Qxf4 Bxg4 17. Qxg4 Qxf2+ 18. Kd2 Qe3+ 19. Kc2 f5 20. Qg3 Qh6 21. Rhf1 fxe4 22. Rxf8+ Rxf8 23. Bxe4 Re8 24. Qf3 Rf8 25. Qg3 Re8 26. Nc3 Bd4 27. Re1 Rf8 28. Re2 Rf1 29. Kb3 Be5 30. Qg4 Qc1 31. Qe6+ Kf8 32. Qc8+ Kf7 33. Qxc7+ Kf8 34. Qd8+ Kf7 35. Qd7+ Kf8 36. Qc8+ Kf7 37. Qxb7+ Kf6 38. Rc2 Qa1 39. Qd7 Rf4 40. Qe6+ Kg5 41. Rg2+ Kh4 42. Rg4+ Kxh3 43. Rxf4+ 1-0

[Event "*** Titled Tuesday Blitz"]
[Site "Chess.com"]
[Date "2020.01.07"]
[Round "2"]
[White "Incognito_Knight"]
[Black "Chessmatus"]
[Result "1-0"]
[WhiteElo "2744"]
[BlackElo "2344"]
[TimeControl "180+2"]
[EndTime "13:25:25 PST"]
[Termination "Incognito_Knight won by resignation"]

1. e4 c5 2. Nf3 d6 3. d4 cxd4 4. Nxd4 Nf6 5. Nc3 a6 6. Be2 e5 7. Nb3 Be7 8. O-O O-O 9. Re1 Be6 10. Bf3 Nbd7 11. a4 Nb6 12. Nd2 Rc8 13. Nf1 Nc4 14. b3 Nb6 15. Bb2 Rc5 16. Ne3 Qc7 17. Ncd5 Bxd5 18.
exd5 Qc8 19. a5 Nbd7 20. Ba3 Rxa5 21. Nf5 Qd8 22. Nxe7+ Qxe7 23. Bxd6 Rxa1 24. Bxe7 Rxd1 25. Rxd1 Re8 26. Ba3 e4 27. Be2 Re5 28. c4 a5 29.
f4 exf3 30. Bxf3 b6 31. Kf2 Ne4+ 32. Kf1 Ng5 33. Bg4 f5 34. Be2 Ne4 35. Bb2 Re8 36.
Bd4 Nec5 37. Rb1 Re4 38. Bf2 Re8 39. b4 axb4 40. Rxb4 Ra8 41. Bd4 Kf7 42. Rb1 Ra5 43.
Bf3 g6 44. Re1 Ra4 45. d6 Rxc4 46. Bd5+ 1-0

[Event "*** Titled Tuesday Blitz"]
[Site "Chess.com"]
[Date "2020.01.07"]
[Round "2"]
[White "ChainsOfFantasia"]
[Black "kasparicy"]
[Result "1/2-1/2"]
[WhiteElo "2505"]
[BlackElo "2302"]
[TimeControl "180+2"]
[EndTime "13:25:26 PST"]
[Termination "Game drawn by agreement"]

1. Nc3 f5 2. d4 Nf6 3. Bg5 d5 4. Bxf6 exf6 5. e3 c6 6. Bd3 Be6 7. Nge2 Bd6 8. Nf4 Bxf4 9. exf4 O-O 10. O-O Qd6 11. g3 a5 12. Re1 Na6 13. a3 Nc7 14. Qd2 Rae8 15. Na4 Ra8 16. Nc5 Bc8 17. c3 b6 18. Nb3 a4 19. Nc1 Bd7 20. Bc2 c5 21.
dxc5 bxc5 22. Nd3 Rfe8 23. Rxe8+ Rxe8 24. Re1 Rxe1+ 25. Nxe1 Kf7 26. Ng2 g6 27. Ne3 Bc6 28. Qd1 Qd7 29. Ng2 Kg7 30. Ne1 d4 31. c4 Ne8 32.
Nd3 Ba8 33. Bxa4 Qb7 34. f3 Nd6 35. b3 Ne4 36. Qe2 Nc3 37. Qf2 Nxa4 38. bxa4 Qb1+ 39.
Ne1 Qc1 40. Qe2 Bxf3 41. Qe7+ Kh6 42. Kf2 Be4 43. Qxf6 Qe3+ 44. Kf1 Bd3+ 45. Nxd3 Qxd3+ 46. Kg2 Qe2+ 47. Kg1 1/2-1/2

[Event "*** Titled Tuesday Blitz"]
[Site "Chess.com"]
[Date "2020.01.07"]
[Round "2"]
[White "AndrewDGreen"]
[Black "econpower"]
[Result "0-1"]
[WhiteElo "2224"]
[BlackElo "2603"]
[TimeControl "180+2"]
[EndTime "13:25:28 PST"]
[Termination "econpower won by resignation"]

1. d4 d6 2. e4 Nf6 3. Nc3 e5 4. Nf3 Nbd7 5. Bc4 Be7 6. a4 O-O 7. O-O c6 8. h3 exd4 9. Qxd4 Qc7 10. Bf4 Ne8 11. Rad1 Bf6 12. Qd2 Ne5 13. Be2 Be6 14. b3 Rd8 15. Nd4 Ng6 16. Bh2 Bc8 17. Kh1 Qb6 18. f4 a6 19. Bf3 Nh4 20. Be2 Qb4 21. Bg1 c5 22. Qd3 Bxd4 23. Nd5 Qa5 24. Bxd4 cxd4 25. Qg3 Ng6 26. f5 Ne5 27. b4 Qxa4 28. Ra1 Qxc2 29. Bf3 Kh8 30. f6 Nxf6 31. Nxf6 gxf6 32. Qh4 Ng6 33. Qxf6+ Kg8 34. Rac1 Qd2 35. Rc7 Qf4 36. Qxf4 Nxf4 37. Bd1 Ne6 38. Rc2 b5 39. Ra2 Bb7 40. Raf2 0-1

[Event "*** Titled Tuesday Blitz"]
[Site "Chess.com"]
[Date "2020.01.07"]
[Round "2"]
[White "Orest_Vovk"]
[Black "jncool68"]
[Result "1-0"]
[WhiteElo "2431"]
[BlackElo "2693"]
[TimeControl "180+2"]
[EndTime "13:25:29 PST"]
[Termination "Orest_Vovk won by resignation"]

1. g4 d5 2. Bg2 c6 3. h3 h5 4. g5 e5 5. d4 e4 6. c4 Be6 7. Nc3 Nd7 8. Qb3 Qb6 9. c5 Qc7 10. h4 Ne7 11. Bh3 Ng6 12. Bxe6 fxe6 13. Qa4 Be7 14. b4 O-O 15. Be3 b5 16. Qd1 a5 17. a3 e5 18. Rb1 axb4 19. axb4 exd4 20.
Qxd4 Nde5 21. Nxd5 cxd5 22. Qxd5+ Kh8 23. Qxe4 Qc6 24.
Qxc6 Nxc6 25. Nf3 Ra4 26. Bd2 Nf4 27. Kf1 Nd5 28. Rh3 Ndxb4 29. Bxb4 Rxb4 30. Rxb4 Nxb4 31. Ne5 Kg8 32. Ng6 Rf7 33. Nxe7+ Rxe7 34. Rb3 Re4 35. f3 Rxh4 36. e4 Nd3 37. Rxd3 Rh1+ 38. Kg2 Rc1 39. Rd8+ Kf7 40. Rc8 b4 41. f4 Rc4 42. Kf3 Rc3+ 43.
Kg2 b3 44. Rb8 Ke6 45. f5+ Kd7 46. f6 gxf6 47. g6 h4 48. g7 Rg3+ 49. Kh2 Rxg7 50. Rb7+ Kc6 51. Rxg7 Kxc5 52. Rb7 Kc4 53. Kh3 1-0

[Event "*** Titled Tuesday Blitz"]
[Site "Chess.com"]
[Date "2020.01.07"]
[Round "2"]
[White "SavelijTartakover"]
[Black "ChessBitl"]
[Result "1-0"]
[WhiteElo "2710"]
[BlackElo "2379"]
[TimeControl "180+2"]
[EndTime "13:25:30 PST"]
[Termination "SavelijTartakover won by resignation"]

1. d4 d5 2. c4 dxc4 3. e3 Nf6 4.
Bxc4 e6 5. Nf3 a6 6. O-O c5 7. b3 b5 8. Be2 Bb7 9. a4 b4 10. Bb2 Nbd7 11. Nbd2 Be7 12. Rc1 O-O 13. Nc4 Rc8 14.
Nfe5 Nxe5 15. dxe5 Nd5 16. Bf3 Ba8 17. Qe2 Qc7 18.
Rfd1 Rfd8 19. g3 Nb6 20. Bxa8 Rxa8 21. Nxb6 Qxb6 22. Qc4 Qc6 23. e4 Rxd1+ 24. Rxd1 Rd8 25. Rxd8+ Bxd8 26. Kf1 Be7 27. Ke2 Kf8 28. f4 Ke8 29. f5 Kd7 30. g4 Bg5 31. Kf3 Ke7 32. Bd4 Ke8 33. Qxc5 Qxc5 34. Bxc5 Be7 35. Bxe7 Kxe7 36. Ke3 Kd7 37. Kd4 Kc6 38. a5 h6 39. Kc4 g6 40. fxg6 fxg6 41. Kxb4 h5 42. gxh5 gxh5 43. h4 Kc7 44. Kc5 1-0

[Event "*** Titled Tuesday Blitz"]
[Site "Chess.com"]
[Date "2020.01.07"]
[Round "2"]
[White "Perecke"]
[Black "chessdjw"]
[Result "0-1"]
[WhiteElo "2168"]
[BlackElo "2662"]
[TimeControl "180+2"]
[EndTime "13:25:31 PST"]
[Termination "chessdjw won by resignation"]

1. e4 e5 2. Nf3 Nc6 3. d4 exd4 4.
Bc4 Bb4+ 5. c3 dxc3 6. bxc3 Bc5 7. Bxf7+ Kxf7 8. Qd5+ Kf8 9. Qxc5+ d6 10. Qc4 Nf6 11. O-O Qe7 12. Re1 Ng4 13. Bg5 Qf7 14. Qxf7+ Kxf7 15. Nbd2 h6 16. Bf4 g5 17. Bg3 Be6 18. e5 Ngxe5 19. Nxe5+ Nxe5 20. Bxe5 dxe5 21. Rxe5 Rad8 22. Nb3 Rd5 23. Re3 Rhd8 24. Nd4 Bc8 25. Rae1 c5 26. Nb5 a6 27. Re7+ Kg6 28. Na3 b5 29. R7e3 Rd1 30. Nc2 R8d2 31. a3 Rxe1+ 32. Nxe1 Ra2 33. c4 b4 34. axb4 cxb4 35. f3 a5 36. Nd3 b3 37. Ne5+ Kf6 38. Nc6 b2 39. Rb3 Ra1+ 0-1

[Event "*** Titled Tuesday Blitz"]
[Site "Chess.com"]
[Date "2020.01.07"]
[Round "2"]
[White "bascheyaro"]
[Black "VFernandezB"]
[Result "1-0"]
[WhiteElo "2682"]
[BlackElo "2329"]
[TimeControl "180+2"]
[EndTime "13:25:33 PST"]
[Termination "bascheyaro won by resignation"]

1. d4 Nf6 2. c4 g6 3. Nf3 Bg7 4. Nc3 d5 5. Bf4 O-O 6. c5 b6 7. b4 a5 8. cxb6 cxb6 9. bxa5 bxa5 10. e3 Ba6 11. Bb5 Ne4 12. Bxa6 Nxc3 13. Qd3 Nxa6 14. Qxc3 Rc8 15. Qb3 Nb4 16. O-O Qd7 17. a3 Na6 18. Rfc1 a4 19. Qd3 Qb7 20. Rcb1 Qc6 21. Ne5 Bxe5 22.
Bxe5 f6 23. Bg3 Qc4 24. Qd2 Qc2 25. Qa5 Qd3 26. Qxd5+ Kg7 27. h3 Qc4 28. Qxc4 Rxc4 29.
Rb7 Kf7 30. Rab1 Rfc8 31. Bd6 Nc7 32. Bxc7 R8xc7 33. Rxc7 Rxc7 34. Rb4 Ra7 35. d5 Ke8 36. g4 Kd7 37. Kg2 Kd6 38. e4 Ke5 39. Kf3 Rc7 40. Rxa4 Rc3+ 41. Kg2 h5 42. gxh5 gxh5 43. h4 Kf4 44. Ra7 Kxe4 45. Rxe7+ Kxd5 46. Re3 Rc4 47. Kg3 Rg4+ 48. Kh3 Rf4 49. f3 f5 50. Rb3 Ra4 51. Kg3 f4+ 52. Kg2 Rc4 53. Rb5+ Kd4 54. Rxh5 Rc2+ 55.
Kh3 Ke3 56. Rb5 Kxf3 57. h5 Rc1 58. Kh4 Ra1 59. Rb3+ Ke4 60. h6 Rh1+ 61. Rh3 Rb1 62. h7 Rb8 63. Kg5 f3 64. h8=Q Rxh8 65. Rxh8 f2 66. Rf8 Ke3 67. a4 Ke2 68. a5 1-0

[Event "*** Titled Tuesday Blitz"]
[Site "Chess.com"]
[Date "2020.01.07"]
[Round "2"]
[White "adriangschnitzer"]
[Black "JonahWillow"]
[Result "0-1"]
[WhiteElo "2543"]
[BlackElo "2785"]
[TimeControl "180+2"]
[EndTime "13:25:34 PST"]
[Termination "JonahWillow won on time"]

1. c4 c5 2. Nf3 Nc6 3. d4 cxd4 4. Nxd4 g6 5. e4 Nf6 6. Nc3 d6 7. Be3 Ng4 8. Qd2 Nxe3 9. Qxe3 Bg7 10. Nc2 O-O 11.
Be2 Be6 12. O-O Rc8 13. Rac1 a6 14. b3 Qa5 15. Nd5 Rfe8 16. a4 Bxd5 17. exd5 Nb8 18.
Bg4 Rc7 19. Rfe1 Nd7 20. Bxd7 Rxd7 21. Re2 b5 22. axb5 axb5 23. b4 Qa8 24. Nd4 bxc4 25. Nc6 c3 26. Qh3 Rc7 27. b5 Rb7 28. Rce1 Bf6 29.
Qd3 Qa4 30. Rb1 Ra8 31. g3 h5 32. Re4 Qa2 33. Rbe1 Qb2 34. Nxe7+ Bxe7 35. Rxe7 Rxe7 36. Rxe7 c2 37. Qf3 c1=Q+ 38. Kg2 Rf8 0-1

[Event "*** Titled Tuesday Blitz"]
[Site "Chess.com"]
[Date "2020.01.07"]
[Round "2"]
[White "JMatias"]
[Black "esteban062000"]
[Result "1-0"]
[WhiteElo "2403"]
[BlackElo "2080"]
[TimeControl "180+2"]
[EndTime "13:25:34 PST"]
[Termination "JMatias won by resignation"]

1. e4 c5 2. Nc3 g6 3. d4 cxd4 4. Qxd4 Nf6 5. e5 Nc6 6. Qf4 Nh5 7. Qe4 d5 8. Qxd5 Be6 9. Qb5 Bg7 10. Nf3 O-O 11. a3 Nd4 12. Nxd4 Qxd4 13. Be3 Qxe5 14. O-O-O Bg4 15. Rd5 Qc7 16. Rc5 Qd7 17. h3 Be6 18. Be2 a6 19. Qxd7 Bxd7 20. Bf3 Rab8 21. Nd5 Rfe8 22.
Rc7 Be6 23. Nxe7+ Kh8 24. Nd5 Be5 25. Rc5 b6 26. Nxb6 Rxb6 27. Rxe5 Rb5 28. Bd4 Rxe5 29.
Bxe5+ f6 30. Bc3 Kg7 31. Re1 Bd7 32. Rxe8 Bxe8 33. g3 Kf7 34. h4 Ng7 35. Ba5 Bb5 36.
b3 Ne6 37. c4 Bd7 38. Bb7 Nc5 39. Bd5+ Be6 40. Bxe6+ Kxe6 41. Kc2 Ke5 42. Bc3+ Ke4 43. b4 Nd7 44. Bd2 Kf3 45. Be3 Ne5 46. c5 Nc4 47. c6 Nd6 48. c7 f5 49. Kd3 Nc8 50. Bc5 f4 51. gxf4 Kxf4 52. a4 Kg4 53. b5 axb5 54.
axb5 Kxh4 55. b6 Kg4 56. b7 h5 57. bxc8=Q+ Kf3 58. Qf8+ Kg2 59. Qg7 1-0

[Event "*** Titled Tuesday Blitz"]
[Site "Chess.com"]
[Date "2020.01.07"]
[Round "2"]
[White "Caracternin123"]
[Black "Bulldog167"]
[Result "0-1"]
[WhiteElo "2524"]
[BlackElo "2732"]
[TimeControl "180+2"]
[EndTime "13:25:40 PST"]
[Termination "Bulldog167 won by checkmate"]

1. d4 Nf6 2. Nf3 e6 3. g3 b6 4.
Bg2 Bb7 5. O-O Be7 6. c4 O-O 7. Nc3 Ne4 8. Bd2 Bf6 9. Qc2 Nxc3 10. Bxc3 g6 11. d5 Bxc3 12. Qxc3 a5 13. Ne5 f6 14.
Nd3 Na6 15. Rad1 e5 16. f4 d6 17. fxe5 fxe5 18. a3 a4 19. Qc2 Qg5 20. Kh1 Qe3 21. Qc1 Qxc1 22. Rxc1 Rxf1+ 23. Rxf1 Bc8 24. e4 Bd7 25.
Bf3 Rb8 26. Bd1 b5 27. c5 Nxc5 28. Nxc5 dxc5 29. Rf6 b4 30. Be2 bxa3 31. bxa3 Kg7 32. Ra6 Rb2 33. Ra7 Bh3 34. Rxc7+ Kf8 35. Bd3 Rd2 36.
Kg1 Rxd3 37. Rxc5 Rxa3 38. d6 Rf3 39. Rc1 Ke8 40. Ra1 Kd7 41. g4 a3 42. g5 a2 43. Kh1 Rf1+ 44. Rxf1 Bxf1 45. h4 a1=Q 46. Kh2 Qb2+ 47. Kg3 Qg2# 0-1

[Event "*** Titled Tuesday Blitz"]
[Site "Chess.com"]
[Date "2020.01.07"]
[Round "2"]
[White "gmasterkiller"]
[Black "Hrant_ChessMood"]
[Result "1/2-1/2"]
[WhiteElo "2611"]
[BlackElo "2923"]
[TimeControl "180+2"]
[EndTime "13:25:41 PST"]
[Termination "Game drawn by repetition"]

1. e4 c6 2. d4 d5 3. e5 Bf5 4. Nf3 e6 5. Be2 Ne7 6. O-O c5 7. Be3 Nd7 8. c4 dxc4 9. Na3 Nd5 10. Nxc4 b5 11. Nd6+ Bxd6 12. exd6 c4 13. a4 a6 14.
axb5 axb5 15. Rxa8 Qxa8 16. Ne5 Qb7 17. Bf3 O-O 18.
Qd2 f6 19. Nxd7 Qxd7 20. Bxd5 exd5 21. Bf4 Re8 22. Re1 Rxe1+ 23. Qxe1 Kf7 24. h3 g5 25. Bh2 h5 26. f3 h4 27. Qa5 Kg6 28. Kf2 Qe8 29.
Qe1 Qxe1+ 30. Kxe1 b4 31. Kd2 Kf7 32. f4 Ke6 33.
fxg5 fxg5 34. Bg1 Kxd6 35. Be3 g4 36. hxg4 Bxg4 37. Bf2 Kc6 38. Bxh4 Kb5 39. Kc1 Ka4 40. Be1 Bf5 41. g3 Kb3 42. Bd2 Bg4 43. Be1 Be2 44.
Bd2 Bd3 45. Be1 Bh7 46. g4 Bg6 47. g5 Be4 48. Bd2 Bg6 49. Be1 Bh7 50. Bd2 Bg6 51. Be1 1/2-1/2

[Event "*** Titled Tuesday Blitz"]
[Site "Chess.com"]
[Date "2020.01.07"]
[Round "2"]
[White "KRASAVCHIK2002"]
[Black "mohssenbinaddi"]
[Result "0-1"]
[WhiteElo "2458"]
[BlackElo "2227"]
[TimeControl "180+2"]
[EndTime "13:25:44 PST"]
[Termination "mohssenbinaddi won by resignation"]

1. e4 c6 2. d4 d5 3. Nc3 dxe4 4. Nxe4 Bf5 5. Ng3 Bg6 6. h4 h6 7. Nf3 Nd7 8. h5 Bh7 9. Bd3 Bxd3 10. Qxd3 e6 11.
Bd2 Ngf6 12. O-O-O Qc7 13. Kb1 O-O-O 14. Ne4 Nxe4 15.
Qxe4 Nf6 16. Qe2 c5 17. dxc5 Bxc5 18. Rh4 Kb8 19. Rc4 Qb6 20. Ne5 Rhe8 21. Nxf7 Rd5 22. Bc3 Rxd1+ 23. Qxd1 Bxf2 24. Be5+ Ka8 25. a3 a6 26. Rc3 Bc5 27. Rf3 Be7 28. Nxh6 Rd8 29. Qe2 Nxh5 30. Nf7 Rf8 31. Ka2 Nf6 32. Ng5 Nd5 33. Rd3 Bxg5 34. Bd4 Qc6 35. Bxg7 Rc8 36. c3 Qc4+ 37. Kb1 Nf4 0-1

[Event "*** Titled Tuesday Blitz"]
[Site "Chess.com"]
[Date "2020.01.07"]
[Round "2"]
[White "MITerryble"]
[Black "Szczor"]
[Result "1-0"]
[WhiteElo "2930"]
[BlackElo "2599"]
[TimeControl "180+2"]
[EndTime "13:25:45 PST"]
[Termination "MITerryble won by resignation"]

1. e4 c5 2. Nf3 d6 3. Bb5+ Bd7 4. Bxd7+ Qxd7 5. O-O Nc6 6. c3 Nf6 7. d4 cxd4 8. cxd4 d5 9. e5 Ne4 10. Ne1 f6 11. Nd3 e6 12. f3 Ng5 13. Be3 Be7 14. Nc3 O-O 15. Bxg5 fxg5 16. Ne2 Rac8 17. Qd2 b6 18. Rac1 Na5 19. b3 Ba3 20. Rxc8 Rxc8 21. Qxg5 Rc2 22. Nef4 Nc6 23. Nh5 Qe7 24. Qg4 Rd2 25.
Ndf4 Nxd4 26. Nf6+ Kf8 27. Nxh7+ Ke8 28. Ng5 Bc5 29. Kh1 a5 30. Ngxe6 Nxe6 31. Nxe6 d4 32. Nxg7+ Kd8 33. Ne6+ Ke8 34. f4 d3 35. f5 Rf2 36.
Rd1 d2 37. h3 Qf7 38. f6 Bb4 39. Ng7+ Kd8 40. Qd4+ Kc7 41. Qxf2 Qd5 42. f7 1-0

[Event "*** Titled Tuesday Blitz"]
[Site "Chess.com"]
[Date "2020.01.07"]
[Round "2"]
[White "chito89"]
[Black "Manukyan_Artak"]
[Result "1-0"]
[WhiteElo "2714"]
[BlackElo "2482"]
[TimeControl "180+2"]
[EndTime "13:25:47 PST"]
[Termination "chito89 won by resignation"]

1. d4 Nf6 2. c4 e6 3. Nf3 d5 4. g3 Nbd7 5. Bg2 dxc4 6. O-O Nb6 7. Qc2 c5 8. Rd1 cxd4 9. Nxd4 Bd7 10. Bxb7 Bc5 11.
Nc6 Qc7 12. Bxa8 Nxa8 13. Nd4 Nb6 14. Nc3 O-O 15. Bg5 Nfd5 16. Nxd5 exd5 17. Bf4 Qc8 18. e3 Re8 19. Rac1 h6 20. h4 Bg4 21. f3 Bxd4 22.
fxg4 Bxe3+ 23. Bxe3 Rxe3 24. Qf2 Re7 25. Re1 Rxe1+ 26. Rxe1 Qxg4 27. Re7 f5 28. Qe3 d4 29. Qf4 Qxf4 30. gxf4 Nd5 31. Rxa7 Nxf4 32. a4 Nd3 33. Rb7 c3 34. bxc3 dxc3 35. Rc7 Nf4 36. a5 Nd5 37. Rc5 Nb4 38. Rxc3 Kf7 39. Rb3 Nc6 40. a6 g5 41.
Rb6 Ne5 42. a7 1-0

[Event "*** Titled Tuesday Blitz"]
[Site "Chess.com"]
[Date "2020.01.07"]
[Round "2"]
[White "chess3054"]
[Black "Bagirova"]
[Result "1-0"]
[WhiteElo "2420"]
[BlackElo "2114"]
[TimeControl "180+2"]
[EndTime "13:25:47 PST"]
[Termination "chess3054 won on time"]

1. e4 c5 2. Nf3 d6 3. d4 cxd4 4. Nxd4 Nf6 5. Nc3 a6 6. g3 g6 7. Bg2 Bg7 8. O-O Bf8 9. h3 Bg7 10. Be3 O-O 11. Qd2 Qc7 12. Bh6 Nc6 13. Bxg7 Kxg7 14.
Rad1 Bd7 15. Kh2 Rac8 16. f4 b5 17. Rf2 b4 18. Nd5 Nxd5 19. exd5 Nxd4 20. Qxd4+ f6 21. Qxb4 Rb8 22. Qd4 Qa5 23. b3 Rb4 24. c4 Rb7 25. Re2 Bc8 26. Rde1 Rf7 27. h4 Bg4 28. Re3 Qxa2 29.
Qc3 Qa3 30. Ra1 Qc5 31. Rxa6 h5 32. Ra5 Qc8 33. b4 Rc7 34. c5 g5 35. fxg5 Kg8 36. gxf6 Rxf6 37. Re2 Qf5 38. Ra8+ Kh7 39. Rd2 Kh6 40. Qe3+ Kg7 41. c6 Bf3 42. Rf2 Qe4 43.
Rxf3 Rxf3 44. Qxe4 1-0

[Event "*** Titled Tuesday Blitz"]
[Site "Chess.com"]
[Date "2020.01.07"]
[Round "2"]
[White "Mr_Sinigami"]
[Black "Dynamikus"]
[Result "1-0"]
[WhiteElo "2583"]
[BlackElo "2550"]
[TimeControl "180+2"]
[EndTime "13:25:49 PST"]
[Termination "Mr_Sinigami won by resignation"]

1. d4 Nf6 2. Nf3 e6 3. Bf4 d5 4. e3 Bd6 5. Bg3 O-O 6. Nbd2 c5 7. c3 Qc7 8. Ne5 Nc6 9. f4 Ne7 10. Bd3 Nf5 11. Bf2 Be7 12. g4 Nd6 13. g5 Nfe4 14.
Nxe4 Nxe4 15. Bxe4 dxe4 16. Qc2 b6 17. O-O-O Bb7 18.
h4 Rad8 19. Rhg1 cxd4 20. exd4 b5 21. h5 b4 22. c4 a5 23. Kb1 Bd6 24. Be3 Rc8 25.
Rc1 Qe7 26. g6 fxg6 27. hxg6 h6 28. Nf7 Bc7 29. Qf2 Qf6 30. Rcf1 Bb8 31. f5 exf5 32. b3 f4 33. Bxf4 Bxf4 34. Qxf4 Qxd4 35. Rd1 Qf6 36. Qxf6 gxf6 37. Nxh6+ Kg7 38. Nf5+ Kg8 39. Rd7 Bc6 40. Nh6+ 1-0

[Event "*** Titled Tuesday Blitz"]
[Site "Chess.com"]
[Date "2020.01.07"]
[Round "2"]
[White "ChEsper99"]
[Black "2nd_life"]
[Result "0-1"]
[WhiteElo "2001"]
[BlackElo "2514"]
[TimeControl "180+2"]
[EndTime "13:25:50 PST"]
[Termination "2nd_life won by resignation"]

1. e4 e5 2. Nf3 Nc6 3. d4 exd4 4. Nxd4 Bb4+ 5. c3 Be7 6. f4 d5 7. e5 Bc5 8. Be3 Bb6 9. Bd3 Nh6 10. Qc2 Ng4 11. Bg1 h5 12. Nd2 g5 13. O-O-O gxf4 14. N2f3 Bxd4 15. cxd4 Be6 16. h3 Ne3 17. Bxe3 fxe3 18.
Rde1 Qd7 19. a3 Na5 20. Rxe3 Nc4 21. Bxc4 dxc4 22. Rd1 Qd5 23. Ng5 O-O-O 24. Nxe6 fxe6 25. Rc3 Rhg8 26. Rd2 b5 27. a4 a6 28. axb5 axb5 29. b3 cxb3 30. Qxb3 Rxg2 31. Qxd5 Rg1+ 32. Kc2 Rxd5 33.
Rc6 Kd7 34. Rc5 Rxc5+ 35. dxc5+ Kc6 36. Rd8 Rg5 37. Re8 Rxe5 0-1

[Event "*** Titled Tuesday Blitz"]
[Site "Chess.com"]
[Date "2020.01.07"]
[Round "2"]
[White "Sergey85Rodchenkov"]
[Black "Rikikits"]
[Result "0-1"]
[WhiteElo "2470"]
[BlackElo "2713"]
[TimeControl "180+2"]
[EndTime "13:25:53 PST"]
[Termination "Rikikits won by resignation"]

1. e4 g6 2. d4 Bg7 3. Nc3 d6 4. Be3 a6 5. h4 h5 6. Nh3 Bxh3 7. Rxh3 Nd7 8. Qd2 Rc8 9. f3 c5 10. d5 Qa5 11. Nd1 Qxd2+ 12. Bxd2 Ngf6 13. a4 O-O 14.
Ne3 Bh6 15. Nc4 Bxd2+ 16. Kxd2 Rb8 17. Be2 Kg7 18. Rhh1 Rfd8 19. Rhd1 Ne5 20. Ne3 e6 21. Ke1 exd5 22. Nxd5 Nc6 23. c3 Nxd5 24. Rxd5 Ne7 25. Rd2 Rd7 26. Rad1 Rbd8 27. Bc4 Nc6 28. Kf2 Kf8 29.
Bd5 Ke7 30. f4 f6 31. Kf3 Rh8 32. g3 Rhd8 33. Rd3 Rb8 34. R3d2 Nd8 35. Bc4 b5 36. axb5 axb5 37. Bd5 b4 38. Ra1 bxc3 39. bxc3 Ne6 40. Rad1 Rb6 41. Bxe6 Kxe6 42. Rd5 Rb3 43. R1d3 c4 44. Re3 Rc7 45. Rd4 Rc5 46. f5+ gxf5 47. exf5+ Kxf5 48. Rxd6 Re5 49. Rc6 Rxe3+ 50. Kxe3 Rxc3+ 51. Kd4 Rxg3 52. Rc5+ Kg6 53. Kxc4 Rg4+ 54. Kd3 Rxh4 55. Ke2 Rf4 56. Ke3 Rf5 57. Rc8 h4 58. Rg8+ Kh5 59. Ke4 Rf1 60. Rh8+ Kg4 61. Rg8+ Kh3 62.
Rh8 Kg3 63. Rg8+ Kh2 64. Ke3 h3 65. Rh8 Rf5 66. Rh4 Kg3 0-1

[Event "*** Titled Tuesday Blitz"]
[Site "Chess.com"]
[Date "2020.01.07"]
[Round "2"]
[White "GadimbayliA"]
[Black "chesstatour"]
[Result "1-0"]
[WhiteElo "2960"]
[BlackElo "1979"]
[TimeControl "180+2"]
[EndTime "13:25:53 PST"]
[Termination "GadimbayliA won by resignation"]

1. e4 c6 2. e5 d5 3. Nf3 Bg4 4. h3 Bxf3 5. Qxf3 e6 6. d4 c5 7. c3 cxd4 8. cxd4 Ne7 9. Nc3 Nbc6 10. Be3 Nf5 11. Rd1 Bb4 12. Bd3 Nxe3 13. fxe3 Qg5 14. O-O O-O 15. Ne2 f6 16. Qf4 Qxf4 17. Nxf4 fxe5 18.
Nxe6 Rxf1+ 19. Bxf1 exd4 20. exd4 Rc8 21. g4 Kf7 22. Nf4 Nxd4 23. Kh1 Ne6 24. Nxd5 Bd6 25. Bg2 Rc2 26. Ne3 Re2 27. Rxd6 Rxe3 28. Rd7+ Kf6 29.
Rxb7 Nf4 30. Rb5 g5 31. Bf1 Re1 32. Kg1 Rc1 33. h4 h6 34. hxg5+ hxg5 35. Kf2 Rb1 36. Bc4 Ra1 37. Ra5 Rb1 38. b3 Rb2+ 39. Kf3 Rb1 40.
Rxa7 Rh1 41. Ra6+ Ke5 42. Ra5+ Kd4 43. Rxg5 Rh3+ 1-0

[Event "*** Titled Tuesday Blitz"]
[Site "Chess.com"]
[Date "2020.01.07"]
[Round "2"]
[White "Torrentec"]
[Black "Benjoneliere44"]
[Result "0-1"]
[WhiteElo "2299"]
[BlackElo "2544"]
[TimeControl "180+2"]
[EndTime "13:25:53 PST"]
[Termination "Benjoneliere44 won by resignation"]

1. e4 c5 2. Nf3 d6 3. Bb5+ Nd7 4. O-O a6 5. Be2 Ngf6 6. Nc3 g6 7. Re1 Bg7 8. Bf1 O-O 9. a4 b6 10. d4 cxd4 11. Qxd4 Bb7 12. Qd1 Nc5 13. e5 dxe5 14.
Qxd8 Rfxd8 15. Nxe5 Nfe4 16. Nxe4 Bxe4 17. Nc4 Bxc2 18. Nxb6 Rab8 19. Be3 Bd4 20. Nc4 Nb3 21. Ra3 e5 22. a5 Rb4 23. Nb6 Bxe3 24. fxe3 Bd3 25.
Rd1 e4 26. Ra4 Rxa4 27. Nxa4 f5 28. Nc3 Nxa5 29. Ra1 Nc4 30. Nd1 a5 31. Kf2 Bxf1 32. Kxf1 a4 33. Ke1 Rd3 34. Rc1 Nxe3 35. Nxe3 Rxe3+ 36. Kd2 Rb3 37. Kc2 Re3 38. Kd2 Rd3+ 39. Kc2 a3 40. b3 Re3 41. Kd2 Rxb3 42. Rc8+ Kg7 43. Rc7+ Kh6 44. h3 Rb2+ 0-1